 Dungeon Crawl Stone Soup version 0.31.0-32-g396128a36d (webtiles) character file.

Game seed: 7399850538290011441

10507 James the Slicer (level 11, -4/55 HPs)
             Began as a Vine Stalker Fighter on Apr 1, 2024.
             Was a Believer of Uskayaw.
             Slain by a gargoyle
             ... wielding a +0 dire flail
              (8 damage)
             ... on level 11 of the Dungeon.
             The game lasted 00:40:26 (8769 turns).

James the Slicer (Vine Stalker Fighter)             Turns: 8769, Time: 00:40:27

Health: -4/55      AC: 14    Str: 19    XL:     11   Next: 63%
Magic:  0/24       EV: 13    Int:  8    God:    Uskayaw [**....]
Gold:   366        SH:  6    Dex: 18    Spells: 10/10 levels left

rFire   + . .        B - +0 rapier
rCold   + . .        c - +0 buckler
rNeg    . . .        w - +5 moon troll leather armour {Spirit, Regen++ MP+5}
rPois   .            f - +0 hat {Will+}
rElec   .            U - +0 cloak
rCorr   .            Q - +2 pair of gloves
SInv    .            T - +0 pair of boots
Will    ++...        (no amulet)
Stlth   +++          i - ring of protection from fire
HPRegen 2.69/turn    o - ring of protection from cold
MPRegen 0.19/turn

%: guardian spirit
@: no status effects
A: fangs 3, regeneration 1, magic shield, antimagic bite, no potion heal 2
a: Renounce Religion, Stomp, Line Pass


You were on level 11 of the Dungeon.
You worshipped Uskayaw.
Uskayaw was aware of your devotion.
You visited 2 branches of the dungeon, and saw 12 of its levels.

You collected 509 gold pieces.
You spent 143 gold pieces at shops.

Inventory:

Hand Weapons
 a - a +2 dagger of freezing
   (You took it off a goblin on level 1 of the Dungeon)
 b - a +4 sling
   (You found it on level 6 of the Dungeon)
 m - a +2 flail of holy wrath
   (You took it off an orc on level 8 of the Dungeon)
 q - a +2 morningstar
   (You took it off a wight on level 9 of the Dungeon)
 B - a +0 rapier (weapon)
 C - a +1 falchion of electrocution
   (You took it off an orc on level 5 of the Dungeon)
 E - a +7 trident
   (You took it off a wight on level 8 of the Dungeon)
 R - a +4 dagger
   (You took it off a kobold on level 8 of the Dungeon)
 W - a +2 flail of protection
   (You took it off Edmund on level 4 of the Dungeon)
Missiles
 x - 2 throwing nets {!f}
 z - 4 javelins
 H - 5 datura-tipped darts
 L - 6 curare-tipped darts (quivered) {!f}
 O - 48 poisoned darts
Armour
 c - a +0 buckler (worn)
 f - a +0 hat of willpower (worn)
   (You took it off Gastronok on level 10 of the Dungeon)
 k - a +1 ring mail of cold resistance
   (You took it off a gnoll sergeant on level 9 of the Dungeon)
 w - the +5 moon troll leather armour (worn) {Spirit, Regen++ MP+5}
   (You found it on level 5 of the Dungeon)

   MP+5:      It affects your magic capacity (+5).
   Regen++:   It increases your rate of health regeneration.
 G - a +2 robe of fire resistance
   (You took it off Pikel on level 8 of the Dungeon)
 M - a +0 helmet
   (You found it on level 6 of the Dungeon)
 Q - a +2 pair of gloves (worn)
   (You found it on level 10 of the Dungeon)
 T - a +0 pair of boots (worn)
   (You found it on level 1 of the Dungeon)
 U - a +0 cloak (worn)
   (You found it on level 7 of the Dungeon)
 Z - a +1 chain mail of positive energy
   (You found it on level 9 of the Dungeon)
Jewellery
 h - a ring of ice
   (You found it on level 1 of the Dungeon)
 i - a ring of protection from fire (left hand)
   (You found it on level 6 of the Dungeon)
 o - a ring of protection from cold (right hand)
   (You found it on level 3 of the Dungeon)
Wands
 d - a wand of iceblast (4)
   (You found it on level 5 of the Dungeon)
 u - a wand of paralysis (10)
   (You took it off Ijyb on level 4 of the Dungeon)
 I - a wand of mindburst (3)
   (You found it on level 10 of the Dungeon)
 J - a wand of polymorph (8)
   (You took it off Duvessa on level 7 of the Dungeon)
Scrolls
 l - a scroll of brand weapon {unknown}
 n - 4 scrolls of blinking
 p - a scroll of amnesia {unknown}
 r - 3 scrolls of teleportation {unknown}
 y - a scroll of silence {unknown}
 A - 3 scrolls of revelation {unknown}
 K - a scroll of butterflies {unknown}
 N - 4 scrolls of poison {unknown}
 S - 2 scrolls of enchant weapon {unknown}
 Y - a scroll of enchant armour {unknown}
Potions
 e - 6 potions of brilliance
 g - 3 potions of cancellation
 j - 3 potions of might
 s - a potion of magic
 t - 3 potions of enlightenment
 v - 2 potions of curing {@q1}
 D - a potion of mutation {!q}
 F - a potion of lignification {!q}
 P - 2 potions of ambrosia {unknown}
 V - 2 potions of haste {unknown}
Miscellaneous
 X - a phantom mirror
   (You found it on level 9 of the Dungeon)


   Skills:
 - Level 5.0 Fighting
 + Level 10.3 Short Blades
 - Level 4.0 Armour
 - Level 4.0 Dodging
 + Level 6.7 Stealth
 - Level 5.0 Shields
 + Level 9.8 Invocations


You had 10 spell levels left.
You didn't know any spells.
Your spell library contained the following spells:

 Spells                   Type           Power      Damage    Failure   Level
 Apportation              Tloc           0%         N/A       54%         1
 Necrotise                Necr           0%         1d4       54%         1
 Sting                    Conj/Alch      0%         1d3       54%         1
 Summon Small Mammal      Summ           0%         N/A       54%         1
 Fugue of the Fallen      Necr           0%         N/A       88%         3
 Ozocubu's Armour         Ice            0%         N/A       88%         3
 Manifold Assault         Tloc           0%         N/A       99%         4


Dungeon Overview and Level Annotations

Branches:
Dungeon (11/15)            Temple (1/1) D:6             Orc (0/2) D:11
   Lair: D:8-11

Altars:
Ashenzari
Cheibriados
Dithmenos
Elyvilon
Fedhas
Gozag
Hepliaklqana
Kikubaaqudgha
Makhleb
Nemelex Xobeh
Okawaru
Qazlal
Ru
Sif Muna
Trog
Uskayaw
Vehumet
Wu Jian
Xom
Yredelemnul
Zin
The Shining One

Shops:
D:1 ::=[   D:5 !

Annotations:
D:8 Maggie
D:11 exclusion: 2 oklob plants


Innate Abilities, Weirdness & Mutations

You have razor-sharp teeth.
Your natural rate of healing is unusually fast.
When hurt, damage is shared between your health and your magic reserves.
Your bite disrupts and absorbs the magic of your enemies.
Potions cannot restore your health.


Message History

The stone arrow hits you!
* * * LOW HITPOINT WARNING * * *
You hit the gargoyle but do no damage.
You bite the gargoyle, but do no damage.
The gargoyle hurls a stone arrow at you.
The stone arrow misses you.
The stone arrow hits the boulder beetle.
The boulder beetle hits you!!
* * * LOW HITPOINT WARNING * * *
The boulder beetle stops rolling and uncurls.
Magic courses through your body. The gargoyle closely misses you.
The boulder beetle leaps!
You completely miss the gargoyle. Your bite misses the gargoyle.
You can no longer pass through a line of other dancers.
You barely miss the gargoyle.
You bite the gargoyle, but do no damage.
The gargoyle hits you but does no damage.
You hit the boulder beetle but do no damage.
The gargoyle hurls a stone arrow at you.
The stone arrow misses you. The boulder beetle bites you!
* * * LOW HITPOINT WARNING * * *
You hit the boulder beetle but do no damage.
You bite the boulder beetle. You drain its power.
You feel invigorated.
You hit the boulder beetle.
The gargoyle hurls a stone arrow at you.
The stone arrow hits you!
* * * LOW HITPOINT WARNING * * *
The boulder beetle bites you but does no damage.
You hit the boulder beetle.
The boulder beetle bites you but does no damage.
The gargoyle hurls a stone arrow at you.
The stone arrow misses you.
You hit the boulder beetle but do no damage.
The gargoyle hits you with a +0 dire flail!
* * * LOW HITPOINT WARNING * * *
The boulder beetle barely misses you.
You hit the boulder beetle.
You bite the boulder beetle, but do no damage.
You can now pass through a line of other dancers.
You hit the boulder beetle but do no damage.
The gargoyle closely misses you.
The boulder beetle bites you but does no damage.
You hit the boulder beetle.
You bite the boulder beetle, but do no damage.
The boulder beetle bites you but does no damage.
The gargoyle hits you with a +0 dire flail!!
* * * LOW HITPOINT WARNING * * *
You hit the boulder beetle but do no damage.
The gargoyle hits you with a +0 dire flail!
You die...

.# #...# #...# .# #...# #...#
.### ..#######...###...# ....
...................# ....
...................# ####
...................# #
............####...# ..
............####...####...
#####..%........@9.............
.................B.............
...............................
.......####...######...........
..##...# #...# #...####....
..##...# #...# #...# ^...
.......####...######...##. ###
.......................... ..≈
........>................ ...


You could see a boulder beetle and a gargoyle.

Vanquished Creatures
  Gastronok (D:10)
  A two-headed ogre (D:10)
  Pikel (D:8)
  A hornet (D:10)
  Prince Ribbit (D:8)
  2 wyverns (D:9)
  15 yaks
  A shadow (D:8)
  2 vampire mosquitoes (D:10)
  Edmund (D:4)
  An acid dragon (D:10)
  Duvessa (D:7)
  3 orc warriors
  2 sky beasts
  2 black bears
  An ice beast (D:6)
  2 ogres
  3 centaurs
  4 lemures (D:8)
  3 kobold brigands
  6 bullfrogs
  4 scorpions
  2 gnoll sergeants (D:9)
  17 wights
  Dowan (D:7)
  6 killer bees
  5 howler monkeys
  A hound (D:6)
  3 jellies
  6 orc priests
  A bombardier beetle (D:4)
  2 gnoll boudas
  2 sleepcaps
  Ijyb (D:4)
  3 iguanas
  12 orc wizards
  27 gnolls
  7 adders
  A shadow imp (D:7)
  2 ufetubi
  5 dart slugs
  26 orcs
  5 ball pythons
  3 endoplasms
  3 giant cockroaches
  4 goblins
  9 hobgoblins
  5 jackals
  A quokka (D:2)
  A bat (D:3)
  3 frilled lizards (D:2)
  17 kobolds
  A rat (D:2)
240 creatures vanquished.

Vanquished Creatures (others)
  An orc wizard (D:7)
1 creature vanquished.

Grand Total: 241 creatures vanquished

Notes
Turn   | Place    | Note
-------+----------+-------------------------------------------
     0 | D:1      | James the Vine Stalker Fighter began the quest for the Orb.
     0 | D:1      | Reached XP level 1. HP: 11/11 MP: 2/2
    99 | D:1      | Found Qabborr's Book Shop.
   125 | D:1      | Found Kaniosamm's Book Shop.
   168 | D:1      | Reached skill level 2 in Short Blades
   349 | D:1      | Found Cifoweg's Antique Armour Boutique.
   386 | D:1      | Reached XP level 2. HP: 16/16 MP: 1/3
   674 | D:1      | Found Naufenai's Jewellery Shoppe.
   814 | D:2      | Reached XP level 3. HP: 19/19 MP: 4/4
   831 | D:2      | Reached skill level 1 in Stealth
   865 | D:2      | Found a faded altar of an unknown god.
   874 | D:2      | Reached skill level 3 in Short Blades
   880 | D:2      | Reached XP level 4. HP: 20/23 MP: 5/5
  1352 | D:3      | Reached XP level 5. HP: 21/28 MP: 2/6
  1419 | D:3      | You fall into a shaft and drop 3 floors!
  1419 | D:6      | Found a staircase to the Ecumenical Temple.
  1429 | Temple   | Entered the Ecumenical Temple
  1469 | Temple   | Became a worshipper of Uskayaw the Reveller
  1523 | D:6      | Reached * piety under Uskayaw
  1525 | D:6      | Reached ** piety under Uskayaw
  1604 | D:6      | Noticed an ogre
  1608 | D:6      | Noticed a black bear
  1661 | D:7      | Reached XP level 6. HP: 32/32 MP: 7/7
  1668 | D:7      | Reached skill level 4 in Short Blades
  1683 | D:7      | Found a stormy altar of Qazlal.
  1730 | D:7      | Noticed an orc warrior
  1922 | D:5      | Entered Level 5 of the Dungeon
  2043 | D:5      | Reached *** piety under Uskayaw
  2212 | D:3      | Reached XP level 7. HP: 37/37 MP: 6/8
  2486 | D:4      | Noticed Edmund
  2706 | D:4      | Reached skill level 1 in Invocations
  2709 | D:4      | Killed Edmund
  2747 | D:4      | Reached **** piety under Uskayaw
  2813 | D:4      | Noticed Ijyb
  2819 | D:4      | Paralysed by Ijyb for 2 turns
  2833 | D:4      | Paralysed by Ijyb for 4 turns
  2841 | D:4      | Killed Ijyb
  2842 | D:4      | Reached skill level 5 in Short Blades
  2861 | D:4      | Gained mutation: You have razor-sharp teeth. [Vine Stalker
                  | growth]
  2861 | D:4      | Reached XP level 8. HP: 42/42 MP: 11/11
  3502 | D:5      | Found a sparkling altar of Nemelex Xobeh.
  3504 | D:5      | Found the +5 moon troll leather armour {Spirit, Regen++
                  | MP+5}
  3645 | D:5      | Found a white marble altar of Elyvilon.
  3677 | D:5      | Found Bosch's Distillery.
  3865 | D:5      | Bought a potion of magic for 104 gold pieces
  3865 | D:5      | Bought a potion of lignification for 39 gold pieces
  3974 | D:6      | Reached skill level 1 in Dodging
  4184 | D:6      | Reached skill level 5 in Invocations
  4236 | D:6      | Reached skill level 6 in Short Blades
  4454 | D:7      | Reached XP level 9. HP: 45/45 MP: 13/13
  4464 | D:7      | Found an iron altar of Okawaru.
  4602 | D:7      | Noticed Dowan
  4609 | D:7      | Noticed Duvessa
  4611 | D:7      | Killed Dowan
  4618 | D:7      | Killed Duvessa
  4756 | D:7      | Reached skill level 7 in Short Blades
  5273 | D:8      | Reached ***** piety under Uskayaw
  5332 | D:8      | Reached skill level 8 in Short Blades
  5515 | D:8      | Noticed Maggie
  5559 | D:8      | Reached XP level 10. HP: 33/49 MP: 16/16
  5695 | D:8      | Noticed Pikel
  5925 | D:8      | Killed Pikel
  5926 | D:8      | Reached skill level 9 in Short Blades
  5990 | D:8      | Noticed Prince Ribbit
  5995 | D:8      | Killed Prince Ribbit
  6538 | D:9      | Found an opulent altar of Gozag.
  6651 | D:9      | Reached skill level 5 in Shields
  6653 | D:9      | Reached ****** piety under Uskayaw
  6771 | D:9      | Reached XP level 11. HP: 50/53 MP: 18/18
  7030 | D:10     | Entered Level 10 of the Dungeon
  7042 | D:10     | Noticed Gastronok
  7269 | D:10     | Noticed a two-headed ogre
  7419 | D:10     | Paralysed by a hornet for 1 turns
  7534 | D:10     | Found a snail-covered altar of Cheibriados.
  7816 | D:10     | Killed a two-headed ogre
  7817 | D:10     | Reached skill level 10 in Short Blades
  7817 | D:10     | Reached skill level 5 in Stealth
  7863 | D:10     | Killed Gastronok
  7864 | D:10     | Reached skill level 5 in Fighting
  7960 | D:10     | Found an ornate altar of the Wu Jian Council.
  8618 | D:11     | Found a staircase to the Orcish Mines.
  8629 | D:11     | Noticed an oklob plant
  8629 | D:11     | Noticed an oklob plant
  8696 | D:11     | Noticed a boulder beetle
  8757 | D:11     | HP: 1/55 [boulder beetle (20)]
  8768 | D:11     | HP: 2/55 [gargoyle/+0 dire flail (11)]
  8769 | D:11     | Slain by a gargoyle

Illustrated notes

Levels and vault maps discovered:
D:1:      evilmike_arrival_hilbert_curve, layout_basic, serial_shops,
          nicolae_square_shop, shop, shop,
          nicolae_shop_competitors_out_of_business, st_stairs_4
D:2:      layout_rooms, basic_ecumenical_altar
D:3:      layout_rooms, minmay_misc_feat_columns
D:4:      layout_cave_pools, uniq_ijyb, uniq_edmund
D:5:      layout_cave_pools, mainiacjoe_overflow_concentric_impassable,
          mainiacjoe_overflow_chevrons, serial_shops, shop,
          kennysheep_generic_room_16
D:6:      layout_gridville, temple_pool_b
D:7:      layout_loops_ring, nicolae_qazlal_general_emergency,
          mainiacjoe_overflow_catwalk, kennysheep_nub, uniq_duvessa
D:8:      layout_basic, uniq_pikel, uniq_maggie, uniq_prince_ribbit1
D:9:      layout_rooms, old_standard_altar
D:10:     layout_loops_ring, lemuel_doored_altar,
          nicolae_wu_jian_immortal_techniques, serial_park_tiny_1,
          serial_bayou_pond_d, minmay_misc_feat_ornament, uniq_gastronok
D:11:     layout_small_grid, dpeg_oklobed_lair, orc_0_dummy, special_room
          [special_room_orc]
Temple:   regret_index_temple_generic_petals

Skill      XL: |  1  2  3  4  5  6  7  8  9 10 11 |
---------------+----------------------------------+-----
Short Blades   | 2 3 4 5 6 8 9 10 | 10.3
Stealth        | 1 2 3 4 6 |  6.7
Shields        | 3 4 5 |  5.0
Fighting       | 3 4 5 |  5.0
Armour         | 3 4 |  4.0
Invocations    | 3 5 7 8 9 |  9.8
Dodging        | 3 4 |  4.0

Action                     |  1- 3 |  4- 6 |  7- 9 | 10-12 || total
---------------------------+-------+-------+-------+-------++-------
  Melee: Rapier            |    18 |       |       |    18 ||    36
         Bite              |    14 |    43 |   179 |   214 ||   450
         Dagger            |    41 |   158 |   426 |   500 ||  1125
   Fire: Sling             |       |       |    31 |     1 ||    32
  Throw: Stone             |     1 |     4 |       |       ||     5
         Dart              |       |     2 |    13 |       ||    15
 Invoke: Line Pass         |       |     1 |       |       ||     1
  Evoke: Wand              |       |       |     2 |       ||     2
    Use: Scroll            |       |     1 |     5 |     2 ||     8
         Potion            |       |     1 |       |     2 ||     3
   Stab: Paralysed         |       |       |    15 |    19 ||    34
         Sleeping          |       |       |     1 |     2 ||     3
         Distracted        |       |       |       |     2 ||     2
 Armour: Scale mail        |    22 |    76 |   105 |       ||   203
         Troll leather arm |       |       |   103 |   180 ||   283
  Dodge: Dodged            |    21 |    36 |   176 |   180 ||   413
  Block: Buckler           |    10 |    34 |    95 |   100 ||   239
